 Dungeon Crawl Stone Soup version 0.27.1-33-g824d729ab1 (webtiles) character file.

Game seed: 2888201328661122309

4 jlumianski the Insei (level 1, 0/17 HPs)
             Began as a Gnoll Transmuter on Dec 26, 2021.
             Slain by a jackal (3 damage)
             ... on level 1 of the Dungeon.
             The game lasted 00:00:43 (101 turns).

jlumianski the Insei (Gnoll Transmuter)              Turns: 101, Time: 00:00:44

Health: 0/17       AC:  2    Str:  9    XL:     1   Next: 70%
Magic:  6/6        EV: 13    Int: 12    God:
Gold:   0          SH:  0    Dex: 12    Spells: 8/9 levels left

rFire    . . .     SeeInvis .     - Unarmed
rCold    . . .     Faith    .   (no shield)
rNeg     . . .     Spirit   .   a - +0 robe
rPois    .         Reflect  .   (no helmet)
rElec    .         Harm     .   (no cloak)
rCorr    .         Rampage  .   (no gloves)
Will     .....                  (no boots)
Stlth    +.........             (no amulet)
HPRegen  0.05/turn              (no ring)
MPRegen  0.10/turn              (no ring)

@: no status effects
A: fangs 1, strong nose, distributed training
a: no special abilities


You were on level 1 of the Dungeon.
You visited 1 branch of the dungeon, and saw 1 of its levels.

Inventory:

Armour
 a - a +0 robe (worn)
Potions
 b - a potion of lignification {unknown}


   Skills:
 + Level 2.4 Fighting
 + Level 0.1 Short Blades
 + Level 0.1 Long Blades
 + Level 0.1 Axes
 + Level 0.1 Maces & Flails
 + Level 0.1 Polearms
 + Level 0.1 Staves
 + Level 0.1 Slings
 + Level 0.1 Bows
 + Level 0.1 Crossbows
 + Level 0.1 Throwing
 + Level 0.1 Armour
 + Level 4.4 Dodging
 + Level 0.1 Stealth
 + Level 0.1 Shields
 + Level 6.4 Unarmed Combat
 + Level 4.9 Spellcasting
 + Level 0.1 Conjurations
 + Level 0.1 Hexes
 + Level 0.1 Summonings
 + Level 0.1 Necromancy
 + Level 0.1 Translocations
 + Level 3.6 Transmutations
 + Level 0.1 Fire Magic
 + Level 0.1 Ice Magic
 + Level 0.1 Air Magic
 + Level 0.1 Earth Magic
 + Level 0.1 Poison Magic
 + Level 0.2 Invocations
 + Level 0.1 Evocations


You had 8 spell levels left.
You knew the following spells:

 Your Spells              Type           Power      Damage    Failure   Level
a - Beastly Appendage     Tmut           22%        N/A       4%          1

Your spell library contained the following spells:

 Spells                   Type           Power      Damage    Failure   Level
 Wereblood                Tmut           11%        N/A       7%          2
 Spider Form              Tmut/Pois      3%         N/A       28%         3
 Ice Form                 Ice/Tmut       7%         N/A       67%         4


Dungeon Overview and Level Annotations

Branches:
Dungeon (1/15)

Altars:


Innate Abilities, Weirdness & Mutations

You have very sharp teeth.
Your uncanny sense of smell can sniff out nearby items.
Your experience applies equally to all skills.


Message History

The slug dart hits you. The dart slug launches a dart at you.
The slug dart misses you.
The dart slug bites you but does no damage.
The dart slug closely misses you. The dart slug barely misses you.
The dart slug launches a dart at you. The slug dart misses you.
A frilled lizard comes into view.
The dart slug launches a dart at you. The slug dart hits you.
A jackal comes into view.
The dart slug launches a dart at you. The slug dart hits you.
A jackal comes into view.
The dart slug barely misses you.
The jackal barks!
You hear an angry hiss.
A jackal comes into view.
The dart slug barely misses you. The dart slug misses you.
The jackal bites you.
The jackal barks!
The jackal barely misses you. The dart slug barely misses you.
The jackal bites you but does no damage.
The jackal closely misses you. The dart slug misses you.
The jackal completely misses you. The jackal barely misses you.
The dart slug barely misses you.
The jackal barks!
The jackal bites you. x2
* * * LOW HITPOINT WARNING * * *
The frilled lizard bites you.
* * * LOW HITPOINT WARNING * * *
The jackal closely misses you. The dart slug bites you.
* * * LOW HITPOINT WARNING * * *
The frilled lizard misses you. The jackal barely misses you.
The dart slug bites you but does no damage.
The frilled lizard bites you.
* * * LOW HITPOINT WARNING * * *
The jackal bites you.
You die...

#. ...#...#
.#.##..#...##
............# #
...#........## .#
.....#.#...##.##.
#..#.#.h...........
#.....hwl.......... #..
#.#@.....#
...##.#..##..#
#........##..#####.
#.###..............#
####### #.#
#.....#..#.###.#
....#.#
#.###..##.#..#...
#...'.# #..).........#
###
.)..'.####.####.####.##
....#......# #... ..#


You could see a dart slug, 2 jackals and a frilled lizard.

Vanquished Creatures
  A bat (D:1)
  A goblin (D:1)
  A jackal (D:1)
  A frilled lizard (D:1)
4 creatures vanquished.

Notes
Turn   | Place    | Note
-------+----------+-------------------------------------------
     0 | D:1      | jlumianski the Gnoll Transmuter began the quest for the
                  | Orb.
     0 | D:1      | Reached XP level 1. HP: 17/17 MP: 6/6
   101 | D:1      | Slain by a jackal

Illustrated notes

Levels and vault maps discovered:
D:1:      lemuel_arrival_behind_the_door_large, layout_basic,
          hellmonk_ecumenical_altar_run_dry, minmay_misc_feat_doors

Action                   || total
-------------------------++-------
Melee: Unarmed           ||     9
       Bite              ||     1
Armor: Robe              ||     4
Dodge: Dodged            ||    22
